Description

test

Build Order

Get SALT Encoding   

  12  0:00  SCV  
  13  0:12  SCV  
  14  0:18  Supply Depot  
  14  0:24  SCV  
  15  0:40  SCV  
  15  0:41  Barracks  
  16  0:45  Refinery  
  16  0:52  SCV  
  16  0:54  Refinery  
  17  1:04  SCV  
  18  1:16  SCV  
  19  1:28  Orbital Command, Reaper  
  19  1:31  Supply Depot  
  20  1:42  Factory  remove 3 workers from gas and put to mining
  20  1:54  SCV  
  21  2:03  Reaper  
  21  2:06  SCV  
  23  2:18  SCV  
  23  2:21  Command Center  
  24  2:28  Hellion  
  26  2:32  Starport  
  27  2:33  Supply Depot  
  28  2:35  Reaper  
  29  2:53  Hellion  
  32  3:07  Refinery, Barracks Reactor  
  33  3:14  Factory Tech Lab  
  33  3:24  Starport Reactor  
  34  3:33  Orbital Command  
  34  3:35  Cyclone  
  38  3:43  Marine x2  
  40  3:49  Viking x2  
  43  3:56  Supply Depot  
  43  4:01  Marine x2  
  46  4:08  Siege Tank  
  52  4:19  Marine x2, Supply Depot  
  56  4:32  Viking x2  
  59  4:39  Marine x2  
  59  4:45  Siege Tank  
  67  4:57  Marine x2  
Spawning Tool Build Advisor. Get it on Overwolf

Go to:

Details

  • Created by: Damo
  • Published on: May 25, 2024
  • Modified on: May 25, 2024
  • Patch: 5.0.11
  • Difficulty: Medium
Show
View Real Time Build Order
Export as new Build Order

Comments (0)

There are no comments. Be the first!

Create an account to comment!